| TOP OF THE 1ST |
|
UCLA Bruins batting - Pitching for Fresno State University Bulldogs : RHP Bob Bychyk
|
|
Pitching: RHP Bob Bychyk
|
|
|
Batting: RHB Hidesuke Yoshida
|
0-0: Ball 1-0: Ball 2-0: Called Strike 2-1: SINGLE (Line Drive, 9S, EV 98.8 MPH)
|
|
Batting: RHB Benedikt Fleischmann
|
0-0: Foul Ball, location: 2F 0-1: Ball 1-1: Ball 2-1: Foul Ball, location: 2F 2-2: Foul Ball, location: 2F 2-2: Strikes out swinging
|
|
Batting: RHB Xavier Reeves
|
0-0: SINGLE (Groundball, 56, EV 106.2 MPH) (infield hit) Hidesuke Yoshida to second
|
|
Batting: RHB Juan Carrillo
|
0-0: Ball 1-0: Ball 2-0: Ball 3-0: Called Strike 3-1: Called Strike 3-2: Fielders Choice at 2nd, 3-6 (Groundball, 34, EV 81.9 MPH) Hidesuke Yoshida to third
|
|
Batting: RHB Angel Melendez
|
0-0: Foul Ball, location: 2F 0-1: Fielders Choice at 2nd, 5-4 (Groundball, 56, EV 100.6 MPH)
|
| Top of the 1st over - 0 runs, 2 hits, 0 errors, 2 left on base; UCLA 0 - Fresno State University 0 |
| BOTTOM OF THE 1ST |
|
Fresno State University Bulldogs batting - Pitching for UCLA Bruins : RHP Jim Marshall
|
|
Pitching: RHP Jim Marshall
|
|
|
Batting: RHB Jaquan Brown
|
0-0: Called Strike 0-1: Ground out 4-3 (Groundball, P, EV 84.4 MPH)
|
|
Batting: RHB Dou-wan Pan
|
0-0: Ball 1-0: Fly out, F8 (Flyball, 8RD, EV 91.2 MPH)
|
|
Batting: LHB Ricardo Sandoval
|
0-0: Foul Ball, location: 2F 0-1: Ball 1-1: Swinging Strike 1-2: Foul Ball, location: 2F 1-2: Strikes out swinging
|
| Bottom of the 1st over - 0 runs, 0 hits, 0 errors, 0 left on base; UCLA 0 - Fresno State University 0 |
| TOP OF THE 2ND |
|
UCLA Bruins batting - Pitching for Fresno State University Bulldogs : RHP Bob Bychyk
|
|
Batting: SHB Sean Munns
|
0-0: Ball 1-0: Foul Ball, location: 2F 1-1: SOLO HOME RUN (Flyball, 9D, EV 97.5 MPH), Distance : 373 ft
|
|
Batting: RHB Issac Konol
|
0-0: Foul Ball, location: 2F 0-1: Ground out 1-3 (Groundball, 34S, EV 71.2 MPH)
|
|
Batting: LHB Mark Cummings
|
0-0: Called Strike 0-1: Ball 1-1: Swinging Strike 1-2: Ball 2-2: Foul Ball, location: 2F 2-2: Foul Ball, location: 2F 2-2: Ground out 3-1 (Groundball, 13, EV 83.8 MPH)
|
|
Batting: RHB Carlos Murillo
|
0-0: Called Strike 0-1: Ball 1-1: Ground out 4-3 (Groundball, 4, EV 104.4 MPH)
|
| Top of the 2nd over - 1 run, 1 hit, 0 errors, 0 left on base; UCLA 1 - Fresno State University 0 |
| BOTTOM OF THE 2ND |
|
Fresno State University Bulldogs batting - Pitching for UCLA Bruins : RHP Jim Marshall
|
|
Batting: RHB Adam Angeles
|
0-0: Ball 1-0: SOLO HOME RUN (Flyball, 78XD, EV 106.9 MPH), Distance : 422 ft
|
|
Batting: LHB Kevin Feldman
|
0-0: Called Strike 0-1: Ball 1-1: Ball 2-1: Foul Ball, location: 2F 2-2: Ball 3-2: Base on Balls
|
|
Batting: RHB Homer Petropoulos
|
0-0: Called Strike 0-1: Called Strike 0-2: Ball 1-2: Strikes out swinging
|
|
Batting: RHB Pete Goerge
|
0-0: Grounds into double play, 4-6-3 (Groundball, 4, EV 103.8 MPH)
|
| Bottom of the 2nd over - 1 run, 1 hit, 0 errors, 0 left on base; UCLA 1 - Fresno State University 1 |
| TOP OF THE 3RD |
|
UCLA Bruins batting - Pitching for Fresno State University Bulldogs : RHP Bob Bychyk
|
|
Batting: RHB Hidesuke Yoshida
|
0-0: Foul Ball, location: 2F 0-1: SINGLE (Groundball, 4MD, EV 102.5 MPH) (infield hit)
|
|
Batting: RHB Benedikt Fleischmann
|
0-0: Reached on error, E6 (Groundball, 56, EV 110.0 MPH) Hidesuke Yoshida to second
|
|
Batting: RHB Xavier Reeves
|
0-0: Fly out, F8 (Flyball, 8RM, EV 91.9 MPH)
|
|
Batting: RHB Juan Carrillo
|
0-0: Ball 1-0: Ball 2-0: Foul Ball, location: 2F 2-1: Fly out, F7 (Line Drive, 78M, EV 93.8 MPH)
|
|
Batting: RHB Angel Melendez
|
0-0: Reached on error, E1 (Groundball, P, EV 68.8 MPH) Hidesuke Yoshida scores Benedikt Fleischmann to third
|
|
Batting: SHB Sean Munns
|
0-0: SINGLE (Groundball, 3D, EV 105.0 MPH) Benedikt Fleischmann scores Angel Melendez to third Runner from 3rd tries for Home, SAFE, throw by RF to home
|
|
Batting: RHB Issac Konol
|
0-0: Called Strike 0-1: Ball 1-1: Called Strike 1-2: Strikes out swinging
|
| Top of the 3rd over - 3 runs, 2 hits, 2 errors, 1 left on base; UCLA 4 - Fresno State University 1 |
| BOTTOM OF THE 3RD |
|
Fresno State University Bulldogs batting - Pitching for UCLA Bruins : RHP Jim Marshall
|
|
Batting: RHB Javier Brizuela
|
0-0: Ball 1-0: Called Strike 1-1: SINGLE (Groundball, 6S, EV 68.8 MPH) (infield hit)
|
|
Batting: RHB Xin Zhang
|
0-0: Foul Ball, location: 2F 0-1: Ball 1-1: Foul Ball, location: 2F 1-2: Ball 2-2: Ball 3-2: Strikes out looking
|
|
Batting: RHB Jaquan Brown
|
0-0: Ball 1-0: Fielders Choice at 2nd, 1-6 (Groundball, 13S, EV 70.0 MPH)
|
|
Batting: RHB Dou-wan Pan
|
0-0: Ball 1-0: Called Strike 1-1: Fly out, F9 (Line Drive, 9, EV 90.6 MPH)
|
| Bottom of the 3rd over - 0 runs, 1 hit, 0 errors, 1 left on base; UCLA 4 - Fresno State University 1 |
| TOP OF THE 4TH |
|
UCLA Bruins batting - Pitching for Fresno State University Bulldogs : RHP Bob Bychyk
|
|
Batting: LHB Mark Cummings
|
0-0: Called Strike 0-1: Called Strike 0-2: Strikes out swinging
|
|
Batting: RHB Carlos Murillo
|
0-0: Swinging Strike 0-1: Called Strike 0-2: Ball 1-2: Strikes out looking
|
|
Batting: RHB Hidesuke Yoshida
|
0-0: Ball 1-0: Called Strike 1-1: Swinging Strike 1-2: Ball 2-2: Ground out 6-3 (Groundball, 56, EV 100.0 MPH)
|
| Top of the 4th over - 0 runs, 0 hits, 0 errors, 0 left on base; UCLA 4 - Fresno State University 1 |
| BOTTOM OF THE 4TH |
|
Fresno State University Bulldogs batting - Pitching for UCLA Bruins : RHP Jim Marshall
|
|
Batting: LHB Ricardo Sandoval
|
0-0: Called Strike 0-1: Swinging Strike 0-2: Ball 1-2: Strikes out looking
|
|
Batting: RHB Adam Angeles
|
0-0: Ball 1-0: Ball 2-0: Fly out, F7 (Flyball, 7, EV 90.6 MPH)
|
|
Batting: LHB Kevin Feldman
|
0-0: Called Strike 0-1: Swinging Strike 0-2: Ball 1-2: Strikes out swinging
|
| Bottom of the 4th over - 0 runs, 0 hits, 0 errors, 0 left on base; UCLA 4 - Fresno State University 1 |
| TOP OF THE 5TH |
|
UCLA Bruins batting - Pitching for Fresno State University Bulldogs : RHP Bob Bychyk
|
|
Batting: RHB Benedikt Fleischmann
|
0-0: SINGLE (Line Drive, 7S, EV 101.2 MPH)
|
|
Batting: RHB Xavier Reeves
|
0-0: Fly out, F7 (Flyball, 78S, EV 85.0 MPH)
|
|
Batting: RHB Juan Carrillo
|
0-0: Ball 1-0: Ball 2-0: Ball 3-0: Called Strike 3-1: SINGLE (Groundball, 6MD, EV 98.8 MPH) Benedikt Fleischmann to second Runner from 2nd tries for 3rd, SAFE, throw by CF made to third
|
|
Batting: RHB Angel Melendez
|
0-0: Called Strike 0-1: Fly out, F8 (Flyball, 89M, EV 91.9 MPH) Runner from 3rd tags up, SCORES, throw by CF
|
|
Pitching: LHP Randy Latendresse
|
|
|
Batting: SHB Sean Munns
|
0-0: Ball 1-0: Called Strike Juan Carrillo steals 2nd base 1-1: Called Strike 1-2: Strikes out swinging
|
| Top of the 5th over - 1 run, 2 hits, 0 errors, 1 left on base; UCLA 5 - Fresno State University 1 |
| BOTTOM OF THE 5TH |
|
Fresno State University Bulldogs batting - Pitching for UCLA Bruins : RHP Jim Marshall
|
|
Batting: RHB Homer Petropoulos
|
0-0: Ball 1-0: Swinging Strike 1-1: Ball 2-1: Foul Ball, location: 2F 2-2: Ball 3-2: Ground out 4-3 (Groundball, 4S, EV 91.9 MPH)
|
|
Batting: RHB Pete Goerge
|
0-0: Ball 1-0: Called Strike 1-1: Ball 2-1: Foul Ball, location: 2F 2-2: DOUBLE (Line Drive, 9LM, EV 110.0 MPH)
|
|
Batting: RHB Javier Brizuela
|
0-0: Ball 1-0: Ball 2-0: Ball 3-0: Called Strike 3-1: Foul Ball, location: 2F 3-2: Base on Balls
|
|
Batting: RHB Xin Zhang
|
0-0: Ball 1-0: Ball Wild Pitch! Pete Goerge to third Javier Brizuela to second 2-0: Ball 3-0: Base on Balls
|
|
Batting: RHB Jaquan Brown
|
0-0: Called Strike 0-1: Swinging Strike 0-2: Ball 1-2: Strikes out swinging
|
|
Batting: RHB Dou-wan Pan
|
0-0: Ball 1-0: Foul Ball, location: 2F 1-1: Fly out, F9 (Flyball, 89M, EV 74.4 MPH)
|
| Bottom of the 5th over - 0 runs, 1 hit, 0 errors, 3 left on base; UCLA 5 - Fresno State University 1 |
| TOP OF THE 6TH |
|
UCLA Bruins batting - Pitching for Fresno State University Bulldogs : LHP Randy Latendresse
|
|
Batting: RHB Issac Konol
|
0-0: Ball 1-0: Called Strike 1-1: SINGLE (Groundball, 34S, EV 87.5 MPH) (infield hit)
|
|
Batting: LHB Mark Cummings
|
0-0: Foul Ball, location: 2F 0-1: Called Strike 0-2: Ball 1-2: Foul Ball, location: 2F 1-2: Foul Ball, location: 2F 1-2: Ball 2-2: Fielders Choice at 2nd, 1-6 (Groundball, 13S, EV 65.0 MPH)
|
|
Batting: RHB Carlos Murillo
|
0-0: Ball 1-0: Called Strike 1-1: Fly out, F9 (Flyball, 9S, EV 90.6 MPH)
|
|
Batting: RHB Hidesuke Yoshida
|
0-0: Ball 1-0: Ball 2-0: Fly out, F9 (Flyball, 9D, EV 94.4 MPH)
|
| Top of the 6th over - 0 runs, 1 hit, 0 errors, 1 left on base; UCLA 5 - Fresno State University 1 |
| BOTTOM OF THE 6TH |
|
Fresno State University Bulldogs batting - Pitching for UCLA Bruins : RHP Jim Marshall
|
|
Pitching: RHP Quincy Bowen
|
|
|
Batting: LHB Ricardo Sandoval
|
0-0: Called Strike 0-1: Ball 1-1: Called Strike 1-2: Foul Ball, location: 2F 1-2: Strikes out looking
|
|
Batting: RHB Adam Angeles
|
0-0: Ball 1-0: Swinging Strike 1-1: SOLO HOME RUN (Line Drive, 78XD, EV 106.2 MPH), Distance : 432 ft
|
|
Batting: LHB Kevin Feldman
|
0-0: Foul Ball, location: 2F 0-1: Fly out, F6 (Flyball, 56D, EV 95.6 MPH)
|
|
Batting: RHB Homer Petropoulos
|
0-0: Foul Ball, location: 2F 0-1: Foul Ball, location: 2F 0-2: Ball 1-2: Fly out, F9 (Line Drive, 89M, EV 85.0 MPH)
|
| Bottom of the 6th over - 1 run, 1 hit, 0 errors, 0 left on base; UCLA 5 - Fresno State University 2 |
| TOP OF THE 7TH |
|
UCLA Bruins batting - Pitching for Fresno State University Bulldogs : LHP Randy Latendresse
|
|
Pitching: LHP Craig Courcha
|
|
|
Batting: RHB Benedikt Fleischmann
|
0-0: Ball 1-0: Ball 2-0: Called Strike 2-1: Called Strike 2-2: Strikes out swinging
|
|
Batting: RHB Xavier Reeves
|
0-0: Ball 1-0: Ball 2-0: Ball 3-0: Base on Balls
|
|
Batting: RHB Juan Carrillo
|
0-0: Ball 1-0: Fly out, F7 (Flyball, 7S, EV 78.8 MPH)
|
|
Batting: RHB Angel Melendez
|
0-0: Ball 1-0: Ball 2-0: Called Strike 2-1: Foul Ball, location: 2F 2-2: Ball 3-2: SINGLE (Groundball, 6D, EV 100.6 MPH) Xavier Reeves to second Xavier Reeves to third
|
|
Batting: SHB Sean Munns
|
0-0: Ball 1-0: Ball 2-0: Foul Ball, location: 2F 2-1: Swinging Strike 2-2: Strikes out looking
|
| Top of the 7th over - 0 runs, 1 hit, 0 errors, 2 left on base; UCLA 5 - Fresno State University 2 |
| BOTTOM OF THE 7TH |
|
Fresno State University Bulldogs batting - Pitching for UCLA Bruins : RHP Quincy Bowen
|
|
Pitching: LHP Kenny Coolbaugh
|
|
|
Batting: RHB Pete Goerge
|
0-0: Ball 1-0: Ball 2-0: Foul Ball, location: 2F 2-1: Ball 3-1: Base on Balls
|
|
Batting: RHB Javier Brizuela
|
0-0: Fly out, F8 (Flyball, 8RM, EV 90.0 MPH)
|
|
Pinch Hitting: RHB John Carpenter
|
0-0: Ball Wild Pitch! Pete Goerge to second 1-0: Ball 2-0: Ball 3-0: Base on Balls
|
|
Batting: RHB Jaquan Brown
|
0-0: Ball Wild Pitch! Pete Goerge to third John Carpenter to second 1-0: Called Strike 1-1: Ball 2-1: Foul Ball, location: 2F 2-2: Fly out, F4 (Popup, 4M, EV 60.0 MPH)
|
|
Batting: RHB Dou-wan Pan
|
0-0: Foul Ball, location: 2F 0-1: Ball 1-1: Ball 2-1: Ground out 5-3 (Groundball, 56, EV 101.2 MPH)
|
| Bottom of the 7th over - 0 runs, 0 hits, 0 errors, 2 left on base; UCLA 5 - Fresno State University 2 |
| TOP OF THE 8TH |
|
UCLA Bruins batting - Pitching for Fresno State University Bulldogs : LHP Craig Courcha
|
|
Pitching: RHP Paul Holder
|
|
|
Now at 3B: Mike Fermin
|
|
|
Batting: RHB Issac Konol
|
0-0: Ball 1-0: Fly out, F4 (Popup, 4, EV 59.4 MPH)
|
|
Batting: LHB Mark Cummings
|
0-0: Ball 1-0: Ball 2-0: Fly out, F4 (Line Drive, 4MD, EV 66.2 MPH)
|
|
Batting: RHB Carlos Murillo
|
0-0: Ball 1-0: Called Strike 1-1: Ball 2-1: Fly out, F7 (Line Drive, 78D, EV 85.6 MPH)
|
| Top of the 8th over - 0 runs, 0 hits, 0 errors, 0 left on base; UCLA 5 - Fresno State University 2 |
| BOTTOM OF THE 8TH |
|
Fresno State University Bulldogs batting - Pitching for UCLA Bruins : LHP Kenny Coolbaugh
|
|
Pitching: RHP Kyle Mann
|
|
|
Batting: LHB Ricardo Sandoval
|
0-0: Called Strike 0-1: Ball 1-1: Fly out, F7 (Flyball, 7S, EV 91.2 MPH)
|
|
Batting: RHB Adam Angeles
|
0-0: DOUBLE (Line Drive, 89XD, EV 100.6 MPH)
|
|
Batting: LHB Kevin Feldman
|
0-0: Ball 1-0: Ball 2-0: Called Strike 2-1: Foul Ball, location: 2F 2-2: Foul Ball, location: 2F 2-2: Ball 3-2: Strikes out swinging
|
|
Batting: LHB Chris Viehman
|
0-0: Ground out 4-3 (Groundball, 34, EV 102.5 MPH)
|
| Bottom of the 8th over - 0 runs, 1 hit, 0 errors, 1 left on base; UCLA 5 - Fresno State University 2 |
| TOP OF THE 9TH |
|
UCLA Bruins batting - Pitching for Fresno State University Bulldogs : RHP Paul Holder
|
|
Pitching: RHP Francisco Santos
|
|
|
Batting: RHB Hidesuke Yoshida
|
0-0: Foul Ball, location: 2F 0-1: Ball 1-1: Ball 2-1: SINGLE (Line Drive, 9S, EV 90.6 MPH)
|
|
Batting: RHB Benedikt Fleischmann
|
0-0: Sac Bunt to 5S - play at first, batter OUT! 5-3 Hidesuke Yoshida to second
|
|
Batting: RHB Xavier Reeves
|
0-0: Intentional Walk
|
|
Batting: RHB Juan Carrillo
|
0-0: Ball 1-0: Foul Ball, location: 2F 1-1: Ball 2-1: Ball 3-1: Base on Balls Hidesuke Yoshida to third Xavier Reeves to second
|
|
Batting: LHB Scott Mullett
|
0-0: Called Strike 0-1: Foul Ball, location: 2F 0-2: Fly out, F7 (Flyball, 7, EV 90.6 MPH) Runner from 3rd tags up, SCORES, throw by LF Xavier Reeves to third
|
|
Batting: SHB Sean Munns
|
0-0: Called Strike 0-1: Ball 1-1: Called Strike 1-2: Strikes out swinging
|
| Top of the 9th over - 1 run, 1 hit, 0 errors, 2 left on base; UCLA 6 - Fresno State University 2 |
| BOTTOM OF THE 9TH |
|
Fresno State University Bulldogs batting - Pitching for UCLA Bruins : RHP Kyle Mann
|
|
Batting: RHB Pete Goerge
|
0-0: Called Strike 0-1: Foul Ball, location: 2F 0-2: Ball 1-2: Ball 2-2: Strikes out swinging
|
|
Batting: RHB Javier Brizuela
|
0-0: Ball 1-0: Fly out, F9 (Flyball, 9, EV 86.2 MPH)
|
|
Batting: SHB Mike Fermin
|
0-0: Called Strike 0-1: Foul Ball, location: 2F 0-2: Ball 1-2: Strikes out looking
|
| Bottom of the 9th over - 0 runs, 0 hits, 0 errors, 0 left on base; UCLA 6 - Fresno State University 2 |
|